 Dungeon Crawl Stone Soup version 0.30-a0-757-ga6a79fd877 (webtiles) character file.

Game seed: 2935025951785152488

1370 Iich the Cleaver (level 8, -6/73 HPs)
             Began as a Minotaur Fighter on Feb 9, 2023.
             Was an Elder of Qazlal.
             Killed from afar by a white imp (10 damage)
             ... with a puff of frost
             ... on level 6 of the Dungeon.
             The game lasted 00:07:50 (4465 turns).

Iich the Cleaver (Minotaur Fighter)                 Turns: 4465, Time: 00:07:51

Health: -6/73      AC:  9    Str: 19 (21) XL:     8   Next: 38%
Magic:  9/9        EV:  7    Int:  4 (5)  God:    Qazlal [****..]
Gold:   62         SH: 15    Dex: 16 (18) Spells: 7/7 levels left

rFire   . . .      SeeInvis .    a - +0 war axe
rCold   . . .      Faith    .    c - +0 buckler
rNeg    . . .      Spirit   .    j - +0 chain mail
rPois   .          Reflect  +    (helmet restricted)
rElec   .          Harm     .    (no cloak)
rCorr   .          Rampage  .    (no gloves)
Will    .....                    (no boots) Stlth
                                 r - amulet of reflection
HPRegen 0.32/turn                f - +6 ring of dexterity
MPRegen 0.11/turn                (no ring)

@: repel missiles
A: horns 2, retaliatory headbutt
a: Renounce Religion, Upheaval, Elemental Force


You were on level 6 of the Dungeon.
You worshipped Qazlal.
Qazlal was greatly pleased with you.
You visited 2 branches of the dungeon, and saw 7 of its levels.

You collected 242 gold pieces.
You spent 180 gold pieces at shops.

Inventory:

Hand Weapons
 a - a +0 war axe (weapon)
Armour
 b - a +0 scale mail
 c - a +0 buckler (worn)
 j - a +0 chain mail (worn)
Jewellery
 f - a +6 ring of dexterity (left hand)
 r - an amulet of reflection (around neck)
 x - a ring of wizardry
Wands
 q - a wand of flame (16)
Scrolls
 g - 2 scrolls of poison
 h - 2 scrolls of enchant armour
 l - a scroll of amnesia
 t - a scroll of immolation
 u - a scroll of torment {unknown}
 w - a scroll of identify
 y - a scroll of teleportation {unknown}
 z - a scroll of enchant weapon
Potions
 d - 2 potions of might
 e - 2 potions of brilliance
 i - a potion of attraction
 k - a potion of magic
 m - a potion of berserk rage {unknown}
 n - a potion of lignification {unknown}
 o - a potion of flight
 p - a potion of curing
 s - a potion of degeneration
 v - a potion of resistance {unknown}


   Skills:
 + Level 7.5 Fighting
 * Level 9.7 Axes
 - Level 3.6 Armour
 - Level 3.6 Shields
 + Level 3.4 Invocations


You had 7 spell levels left.
You didn't know any spells.
Your spell library contained the following spells:

 Spells                   Type           Power      Damage    Failure   Level
 Sandblast                Erth           0%         2d4       100%        1
 Ensorcelled Hibernation  Hex/Ice        0%         N/A       100%        2
 Lesser Beckoning         Tloc           0%         N/A       100%        2
 Passwall                 Tmut/Erth      0%         N/A       100%        2
 Gell's Gravitas          Tloc           0%         N/A       100%        3
 Stone Arrow              Conj/Erth      0%         3d7       100%        3
 Swiftness                Air            0%         N/A       100%        3
 Teleport Other           Tloc           0%         N/A       100%        3


Dungeon Overview and Level Annotations

Branches:
Dungeon (6/15)             Temple (1/1) D:5

Altars:
Dithmenos
Elyvilon
Gozag
Makhleb
Nemelex Xobeh
Qazlal
Trog
Vehumet
Wu Jian
Xom
The Shining One

Shops:
D:5 ?


Innate Abilities, Weirdness & Mutations

You have a pair of horns on your head.
You reflexively headbutt those who attack you in melee.


Message History

A white imp comes into view.
You struggle against the net.
The gnoll hits you with a +0 spear.
The gnoll sergeant hits you from afar with a +4 heavy spear.
You struggle against the net.
The bullfrog hits you but does no damage.
The gnoll hits you with a +0 spear. The bullfrog hits you.
You struggle against the net.
The bullfrog hits you but does no damage.
The gnoll hits you with a +0 spear!
The gnoll sergeant hits you from afar with a +4 heavy spear!
* * * LOW HITPOINT WARNING * * *
You rip the net and break free!
You block the bullfrog's attack. You block the gnoll sergeant's attack.
You block the bullfrog's attack.
You closely miss the bullfrog. Your headbutt misses the bullfrog.
You hit the gnoll but do no damage.
The bullfrog hits you but does no damage.
The gnoll hits you but does no damage.
You closely miss the bullfrog. You hit the gnoll. You slash the gnoll! x2
The bullfrog hits you.
* * * LOW HITPOINT WARNING * * *
The gnoll hits you with a +0 club.
* * * LOW HITPOINT WARNING * * *
You block the gnoll's attack.
The gnoll sergeant hits you from afar with a +4 heavy spear!
* * * LOW HITPOINT WARNING * * *
You block the gnoll's attack.
The bullfrog hits you but does no damage.
You slice the bullfrog!! You headbutt the bullfrog.
You kill the bullfrog!
Qazlal accepts your kill.
You completely miss the gnoll. You closely miss the gnoll. You hit the gnoll.
You block the gnoll's attack. The gnoll hits you with a +0 flail.
* * * LOW HITPOINT WARNING * * *
The white imp is engulfed in blazing flames.
You block the gnoll's attack. You block the gnoll sergeant's attack.
The gnoll hits you but does no damage. The gnoll hits you with a +0 club.
* * * LOW HITPOINT WARNING * * *
The white imp gestures at you. The puff of frost hits you!
You die...

...... ###### # ..... #
.#.... # ..#.#..
#####....... . ......#
#?. #######...
......##.#..###..g§.....
................@5g.....
.....#######.##.gg☼.....
.<...# #.########...
###### #.# . #######.#
#.......# #.#######
######.### ..#......#


You could see a gnoll sergeant, 3 gnolls and a white imp.

Vanquished Creatures
  Edmund (D:6)
  An orc warrior (D:4)
  2 phantoms
  A bullfrog (D:6)
  A necrophage (D:4)
  2 scorpions
  3 jellies
  4 hounds
  4 orc priests
  Jessica (D:3)
  4 iguanas
  Natasha (twice) (D:2)
  6 orc wizards
  A gnoll (D:6)
  6 adders
  A white imp (D:5)
  2 worms
  21 orcs
  10 ball pythons
  5 bats
  10 endoplasms
  3 giant cockroaches
  6 goblins
  5 hobgoblins
  3 kobolds
  7 quokkas
  9 frilled lizards
  3 rats
  A spectral kobold (D:1)
125 creatures vanquished.

Notes
Turn   | Place    | Note
-------+----------+-------------------------------------------
     0 | D:1      | Iich the Minotaur Fighter began the quest for the Orb.
     0 | D:1      | Reached XP level 1. HP: 19/19 MP: 0/0
    70 | D:1      | Found a faded altar of an unknown god.
    84 | D:1      | Prayed at the altar of an unknown god.
    84 | D:1      | Became a worshipper of Qazlal Stormbringer
    84 | D:1      | Reached * piety under Qazlal
   277 | D:1      | Reached skill level 3 in Axes
   284 | D:1      | Reached XP level 2. HP: 23/27 MP: 1/1
   987 | D:2      | Reached XP level 3. HP: 32/33 MP: 2/2
  1005 | D:2      | Reached ** piety under Qazlal
  1078 | D:2      | Reached skill level 4 in Axes
  1144 | D:2      | Noticed Natasha
  1151 | D:2      | Killed Natasha
  1184 | D:2      | Reached XP level 4. HP: 40/41 MP: 3/3
  1430 | D:2      | Noticed Natasha
  1435 | D:2      | Killed Natasha
  1537 | D:2      | Reached skill level 5 in Axes
  1664 | D:3      | Noticed Jessica
  1668 | D:3      | Killed Jessica
  1669 | D:3      | Reached XP level 5. HP: 47/47 MP: 4/4
  1728 | D:3      | Reached skill level 5 in Fighting
  1739 | D:3      | Reached skill level 6 in Axes
  1937 | D:3      | Found a stormy altar of Qazlal.
  2126 | D:4      | Reached XP level 6. HP: 56/56 MP: 5/5
  2245 | D:4      | Reached *** piety under Qazlal
  2283 | D:4      | Reached skill level 7 in Axes
  2771 | D:4      | Noticed an orc warrior
  2782 | D:4      | Killed an orc warrior
  2783 | D:4      | Reached skill level 1 in Invocations
  2783 | D:4      | Reached XP level 7. HP: 54/63 MP: 6/6
  2857 | D:4      | Reached skill level 8 in Axes
  3135 | D:5      | Entered Level 5 of the Dungeon
  3289 | D:5      | Reached **** piety under Qazlal
  3353 | D:5      | Found a staircase to the Ecumenical Temple.
  3423 | Temple   | Entered the Ecumenical Temple
  3633 | D:5      | Reached XP level 8. HP: 73/73 MP: 8/8
  3686 | D:5      | Reached skill level 9 in Axes
  3986 | D:5      | Found a shimmering altar of Xom.
  4046 | D:5      | Found Oteukeos's Magic Scroll Boutique.
  4054 | D:5      | Bought a scroll of enchant weapon for 90 gold pieces
  4054 | D:5      | Bought a scroll of enchant armour for 90 gold pieces
  4248 | D:6      | Noticed Edmund
  4263 | D:6      | Killed Edmund
  4465 | D:6      | Killed from afar by a white imp

Illustrated notes

Levels and vault maps discovered:
D:1:      evilmike_arrival_crescent, layout_loops_corners,
          dreamdust_ecumenical_altar_drowned_temple, minmay_tiny_reverse_x
D:2:      layout_rooms, uniq_natasha
D:3:      layout_rooms, mainiacjoe_overflow_boulevard, uniq_jessica
D:4:      layout_basic
D:5:      layout_basic, general_overflow_altar, minmay_temple_entry_nine_rooms,
          serial_shops, nicolae_shop_statue_plus
D:6:      layout_loops_cross, uniq_edmund
Temple:   nicolae_temple_figure_eight

Skill      XL: |  1  2  3  4  5  6  7  8 |
---------------+-------------------------+-----
Axes           | 3 4 5 6 7 8 9 |  9.7
Fighting       | 4 5 6 7 |  7.5
Invocations    | 1 2 3 |  3.4
Armour         | |  3.6
Shields        | |  3.6

Action                     |  1- 3 |  4- 6 |  7- 9 || total
---------------------------+-------+-------+-------++-------
  Melee: War axe           |    63 |    99 |   101 ||   263
         Headbutt          |     7 |    23 |    25 ||    55
    Use: Potion            |       |     2 |     3 ||     5
         Scroll            |       |     4 |     1 ||     5
 Armour: Scale mail        |    19 |       |       ||    19
         Chain mail        |    14 |    34 |    36 ||    84
  Dodge: Dodged            |    21 |    20 |    19 ||    60
  Block: Buckler           |    16 |    51 |    60 ||   127
         Reflection        |       |     3 |     2 ||     5

Table legend: (Time is in decaauts)
 A = Elapsed time spent in this place.
 B = Non-inter-level travel time spent in this place.
 C = Inter-level travel time spent in this place.
 D = Time resting spent in this place.
 E = Time spent auto-exploring this place.
 F = Levels seen in this place.
 G = Mean time per level.
                   A        B        C        D        E       F      G
               +--------+--------+--------+--------+--------+-----+--------+
         Total |   4534 |   4392 |    142 |      0 |   3599 |   7 |  647.7 |
       Dungeon |   4368 |   4254 |    114 |      0 |   3465 |   6 |  728.0 |
        Temple |    165 |    137 |     28 |      0 |    134 |   1 |  165.0 |
               +--------+--------+--------+--------+--------+-----+--------+

Top non-repeatable levels by time:
     D:4: 1040 daAuts
     D:1: 971 daAuts
     D:5: 878 daAuts
     D:2: 649 daAuts
     D:3: 535 daAuts
     D:6: 293 daAuts
  Temple: 165 daAuts
